 Dungeon Crawl Stone Soup version 0.18-a0-1354-gbc5753f (webtiles) character file.

247 sugabear the Insei (level 5, -2/38 HPs)
             Began as a Demonspawn Transmuter on Feb 19, 2016.
             Was a Follower of Pakellas.
             Killed from afar by an orc wizard (6 damage)
             ... with a magic dart
             ... on level 4 of the Dungeon.
             The game lasted 00:06:00 (4616 turns).

sugabear the Insei (Demonspawn Transmuter)          Turns: 4616, Time: 00:06:01

Health: -2/38      AC:  2    Str: 10    XL:     5   Next: 85%
Magic:  2/9        EV: 13    Int: 20    God:    Pakellas [*.....]
Gold:   142        SH:  0    Dex: 13    Spells: 2 memorised, 5 levels left

rFire  . . .     SeeInvis .       - Unarmed
rCold  . . .     Gourm    .     b - +0 robe
rNeg   . . .     Faith    .     (no shield)
rPois  .         Spirit   .     (helmet restricted)
rElec  .         Dismiss  .     (no cloak)
rCorr  .         Reflect  .     (no gloves)
SustAt .         Harm     .     (no boots)
MR     .....                    (no amulet)
Stlth  +++.......               s - +2 ring of slaying
                                x - +4 ring of intelligence

@: lethally poisoned (-2 -> -4), very slightly contaminated, not resistant to
hostile enchantments, fairly stealthy
A: horns 1, nightstalker 1, powered by pain 1
a: Quick Charge, Renounce Religion


You were on level 4 of the Dungeon.
You worshipped Pakellas.
Pakellas was aware of your devotion.
You were not hungry.

You visited 1 branch of the dungeon, and saw 4 of its levels.

You collected 142 gold pieces.

Inventory:

Missiles
 a - 29 arrows
Armour
 b - a +0 robe (worn)
Jewellery
 i - an uncursed amulet of faith
 r - an uncursed ring of stealth
 s - a +2 ring of slaying (right hand)
 x - a +4 ring of intelligence (left hand)
Scrolls
 e - a scroll of enchant armour {unknown}
 f - a scroll of recharging {unknown}
 g - a scroll of fog {unknown}
 k - 2 scrolls of identify {unknown}
 n - 2 scrolls of noise {unknown}
 o - 3 scrolls of teleportation {unknown}
 t - a scroll of immolation {unknown}
 v - a scroll of fear {unknown}
 y - 2 scrolls of remove curse {unknown}
Potions
 h - 2 potions of invisibility {unknown}
 j - a potion of cancellation {unknown}
 l - a potion of degeneration {unknown}
 m - 2 potions of curing {unknown}
 p - 2 potions of brilliance {unknown}
 q - 2 potions of lignification {unknown}
 w - a potion of agility {unknown}
 A - a potion of cure mutation {unknown}
Books
 c - a book of Changes

   Spells                             Type                      Level
   a - Beastly Appendage              Transmutation                1
   b - Sticks to Snakes               Transmutation                2
   c - Spider Form                    Transmutation/Poison         3
   d - Ice Form                       Ice/Transmutation            4
   e - Blade Hands                    Transmutation                5
Comestibles
 u - a meat ration


   Skills:
 + Level 2.0 Fighting
 + Level 3.4 Dodging
 + Level 0.8 Stealth
 + Level 3.9 Unarmed Combat
 + Level 2.8 Spellcasting
 + Level 2.3 Transmutations


You had 5 spell levels left.
You knew the following spells:

 Your Spells              Type           Power        Failure   Level  Hunger
a - Beastly Appendage     Trmt           ##....       6%          1    None
b - Spider Form           Trmt/Pois      #.........   30%         3    ###....


Dungeon Overview and Level Annotations

Branches:
Dungeon (4/15)
 Temple: D:4-7

Altars:
Ashenzari
Cheibriados
Elyvilon
Gozag
Makhleb
Nemelex Xobeh
Pakellas
Vehumet


Innate Abilities, Weirdness & Mutations

You have a pair of small horns on your head.
You are slightly more attuned to the shadows.
You sometimes gain a little power by taking damage.


Message History

The orc wizard is severely wounded.
You feel sick. The orc wizard hits you with a dagger.
The orc wizard barely misses you.
You hit the orc wizard.
The orc wizard is severely wounded.
The orc wizard points at you and mumbles some strange words.
The puff of frost hits you!
* * * LOW HITPOINT WARNING * * *
You are too injured to fight recklessly!
You are too injured to fight recklessly!
Unknown command.
Casting: Spider Form
Confirm with . or Enter, or press ? or * to list all spells.
You miscast Spider Form.
You are very lightly contaminated with residual magic.
The air around you crackles with energy!
The orc wizard points at you and mumbles some strange words.
The magic dart hits you!
You die...
Pakellas says: Good help is so hard to find these days!

#...........#
#...........#
#.......†...#
#...........#
#...........#
..###†########
#{# #.# #o# ..
#@# #.##.#
#..#.#
#####.#.#
........#
###.#..#
#.#..#
#.###.#..#
#.....<..#


You could see an orc wizard.

Vanquished Creatures
  A necrophage (D:4)
  A hound zombie (D:4)
  4 gnolls (D:4)
  3 adders
  An ooze (D:1)
  2 worms
  6 giant geckos
  A ball python (D:1)
  5 giant cockroaches
  9 goblins
  3 hobgoblins
  4 jackals (D:1)
  2 quokkas (D:2)
  5 bats
  4 giant newts
  8 kobolds
  10 rats
69 creatures vanquished.

Notes
Turn   | Place    | Note
--------------------------------------------------------------
     0 | D:1      | sugabear the Demonspawn Transmuter began the quest for the Orb.
     0 | D:1      | Reached XP level 1. HP: 15/15 MP: 3/3
   373 | D:1      | Reached skill level 3 in Unarmed Combat
   541 | D:1      | Gained mutation: You have a pair of large horns on your head. [demonic ancestry]
   541 | D:1      | Reached XP level 2. HP: 21/21 MP: 3/5
  1315 | D:1      | Reached XP level 3. HP: 11/26 MP: 6/6
  2204 | D:2      | Found an oddly glowing altar of Pakellas.
  2227 | D:2      | Became a worshipper of Pakellas the Inventive
  2313 | D:2      | Found an opulent altar of Gozag.
  3016 | D:3      | Found a faded altar to an unknown god.
  3040 | D:3      | Found a sparkling altar of Nemelex Xobeh.
  3042 | D:3      | Found a white marble altar of Elyvilon.
  3043 | D:3      | Found a burning altar of Makhleb.
  3043 | D:3      | Found a radiant altar of Vehumet.
  3043 | D:3      | Found a shattered altar of Ashenzari.
  3043 | D:3      | Found a snail-covered altar of Cheibriados.
  3316 | D:3      | Gained mutation: You sometimes gain a little power by taking damage. [demonic ancestry]
  3316 | D:3      | Reached XP level 4. HP: 29/32 MP: 7/7
  3377 | D:3      | Learned a level 3 spell: Spider Form
  3419 | D:3      | Reached * piety under Pakellas
  3861 | D:4      | Noticed a necrophage
  4156 | D:4      | Killed a necrophage
  4156 | D:4      | Gained mutation: You are slightly more attuned to the shadows. [demonic ancestry]
  4156 | D:4      | Reached XP level 5. HP: 29/38 MP: 2/9
  4417 | D:4      | Noticed an ogre
  4419 | D:4      | Noticed an ogre
  4616 | D:4      | Killed from afar by an orc wizard

Vault maps used:
D:1:      dpeg_arrival_brainrot
D:2:      grunt_pakellas_mercury, grunt_gozag_statues
D:3:      grunt_temple_overflow_open, ecumenical_altar_2
D:4:      minmay_temple_entry_mist, minmay_misc_feat_rows

Action                   |  1- 3 |  4- 6 || total
-------------------------+-------+-------++-------
Melee: Unarmed           |   177 |    91 ||   268
 Cast: Beastly Appendage |    26 |     1 ||    27
       Spider Form       |       |     2 ||     2
 Stab: Sleeping          |     3 |     2 ||     5
  Eat: Chunk             |     8 |     1 ||     9
       Bread ration      |       |     1 ||     1
